AoeStats
← Sara

MegaRandom

507374480Analyzed
4v4 RM · 13d ago on Sep 17, 2026· 54m 6s· 8 players
Game mode
Random Map
Map size
Large (8 player)
Population
200
Speed
Normal
Resources
Standard
Victory
Conquest
Starting age
Dark Age
Ending age
Imperial Age
RankedLock teamsTeams togetherTeam positionsShared explorationLock speedFull tech treeHidden civsTurbo modeCheats
Victory
Defeat
🇺🇸 Teutons · United States
799
+7
🇹🇷 Wu · Türkiye
786
+8
🇨🇳 Goths · China
766
+8
🇲🇽 Burgundians · Mexico
650
+13
🇪🇸 Jurchens · Spain
645
-11
🇲🇽 Koreans · Mexico
643
-15
🇧🇷 Byzantines · Brazil
545
-8
🇫🇷 Cumans · France
500
-6
JORGE IVAN SR
11:03 Feudal Age
11:51 Double-Bit Axe
12:09 Horse Collar
15:26 Town Watch
16:17 Wheelbarrow
15:29 Loom
15:42 Stone Mining
26:34 Castle Age
24:45 Fletching
25:57 Gold Mining
27:30 Heavy Plow
27:45 Bow Saw
28:24 Stone Shaft Mining
28:31 Gold Shaft Mining
29:31 Crossbowman
30:17 Thumb Ring
29:47 Light Cavalry
32:38 Hand Cart
32:24 Town Patrol
34:58 Imperial Age
32:45 Town Patrol
33:01 Hand Cart
35:21 Imperial Age
33:07 Town Patrol
33:25 Hand Cart
33:55 Caravan
34:29 Coinage
34:48 Murder Holes
CoWarDly DoG
0:27 Loom
11:07 Feudal Age
13:05 Gold Mining
13:11 Stone Mining
13:20 Horse Collar
15:01 Double-Bit Axe
19:52 Castle Age
21:32 Bow Saw
21:24 Heavy Plow
22:01 Gold Shaft Mining
22:05 Stone Shaft Mining
30:42 Imperial Age
33:02 Two-Man Saw
32:18 Elite Cataphract
34:28 Conscription
36:29 Forging
43:23 Scale Barding Armor
43:55 Iron Casting
44:19 Onager
44:41 Crossbowman
45:29 Thumb Ring
44:51 Elite Skirmisher
45:00 Crossbowman
45:47 Thumb Ring
45:35 Fletching
45:46 Padded Archer Armor
armand.clement.1234
0:29 Loom
8:37 Feudal Age
9:11 Double-Bit Axe
10:21 Town Watch
15:37 Wheelbarrow
15:11 Horse Collar
16:49 Gold Mining
25:01 Castle Age
25:14 Capped Ram
26:22 Hand Cart
26:45 Bow Saw
27:26 Bloodlines
27:56 Gold Shaft Mining
27:13 Stone Mining
27:25 Heavy Plow
30:23 Fletching
30:07 Capped Ram
31:55 Bodkin Arrow
37:58 Imperial Age
36:00 Steppe Husbandry
39:37 Hoardings
41:17 Cuman Mercenaries
40:51 Sappers
42:23 Scale Barding Armor
44:07 Murder Holes
45:13 Chemistry
44:35 Ballistics
44:26 Masonry
49:08 Conscription
49:18 Conscription
Sara
11:08 Feudal Age
12:49 Wheelbarrow
12:02 Horse Collar
12:10 Double-Bit Axe
17:11 Gold Mining
17:14 Stone Mining
20:47 Castle Age
21:32 Heavy Plow
21:43 Bow Saw
22:12 Gold Shaft Mining
22:14 Stone Shaft Mining
21:58 Hand Cart
24:38 Caravan
29:46 Imperial Age
28:44 Scale Barding Armor
28:39 Scale Mail Armor
28:39 Padded Archer Armor
28:30 Fletching
28:50 Forging
30:48 Treadmill Crane
31:20 Fortified Wall
32:12 Chemistry
31:32 Ballistics
31:04 Guard Tower
31:00 Arrowslits
33:07 Crop Rotation
33:40 Two-Man Saw
36:23 Conscription
35:24 Elite Iron Pagoda
36:05 Fortified Bastions
36:16 Thunderclap Bombs
37:13 Keep
36:33 Murder Holes
37:02 Chain Barding Armor
37:52 Leather Archer Armor
37:33 Bodkin Arrow
37:55 Chain Mail Armor
38:15 Iron Casting
38:51 Husbandry
39:02 Bloodlines
38:12 Light Cavalry
40:13 Heavy Rocket Cart
41:58 Masonry
41:54 Siege Engineers
41:23 Elite Fire Lancer
41:50 Arson
dokoenig3
6:44 Loom
10:44 Feudal Age
12:13 Double-Bit Axe
12:09 Horse Collar
15:57 Castle Age
15:16 Horse Collar
18:14 Bow Saw
19:59 Stone Mining
20:48 Town Watch
21:39 Wheelbarrow
20:53 Loom
21:13 Gold Mining
22:42 Fortified Wall
24:53 Hand Cart
28:08 Imperial Age
27:09 Ballistics
29:52 Chemistry
29:31 Stone Shaft Mining
28:48 Fletching
28:58 Padded Archer Armor
32:12 Ironclad
40:16 Two-Man Saw
40:18 Caravan
40:49 Coinage
40:29 Guilds
42:10 Hand Cart
42:29 Cavalier
43:19 Bloodlines
44:38 Paladin
53:25 Elite Teutonic Knight
54:43 Hoardings
54:29 Conscription
54:31 Crenellations
birtanonline
0:47 Loom
12:04 Feudal Age
12:32 Double-Bit Axe
12:31 Horse Collar
13:31 Wheelbarrow
12:47 Stone Mining
12:49 Gold Mining
12:47 Town Watch
12:44 Horse Collar
19:42 Castle Age
20:35 Bow Saw
20:27 Heavy Plow
20:30 Town Patrol
21:14 Stone Shaft Mining
23:09 Gold Shaft Mining
22:50 Fletching
23:01 Padded Archer Armor
23:24 Masonry
25:44 Hand Cart
26:02 Treadmill Crane
26:18 Murder Holes
27:00 Bodkin Arrow
27:21 Leather Archer Armor
28:57 Caravan
29:59 Fervor
31:04 Ballistics
35:29 Imperial Age
34:50 Red Cliffs Tactics
36:43 Conscription
36:24 Sitting Tiger
36:36 Guilds
37:38 Two-Man Saw
38:43 Chemistry
38:14 Architecture
38:24 Elite Fire Archer
39:14 Bracer
48:01 Spies/Treason
MUTZLAJ JS
9:52 Feudal Age
11:37 Wheelbarrow
10:45 Horse Collar
10:53 Double-Bit Axe
12:19 Bow Saw
18:29 Castle Age
20:11 Pikeman
20:52 Squires
21:03 Husbandry
21:08 Cavalier
22:28 Stone Mining
22:30 Gold Mining
26:34 Gold Shaft Mining
26:38 Stone Shaft Mining
35:29 Imperial Age
39:49 Hand Cart
42:05 Halberdier
42:14 Paladin
34542180
10:25 Feudal Age
8:42 Loom
11:42 Double-Bit Axe
11:41 Horse Collar
18:06 Castle Age
24:36 Caravan
26:18 Anarchy
26:52 Gold Mining
26:54 Stone Mining
28:26 Wheelbarrow
31:24 Imperial Age
30:53 Caravan
32:48 Forging
32:40 Scale Mail Armor
34:34 Perfusion
35:00 Conscription
36:15 Iron Casting
38:48 Blast Furnace
38:05 Chain Mail Armor
38:20 Elite Huskarl
40:17 Squires
42:54 Hand Cart
43:50 Town Watch
44:17 Bow Saw
44:47 Stone Shaft Mining
44:16 Heavy Plow
45:51 Town Patrol
Connection lost

Rejoining the realm…

Still unreachable

The connection could not be restored.

Session expired

The server has moved on; the page needs a fresh start.